 Dungeon Crawl Stone Soup version 0.19.3-1-g3169bf9 (console) character file.

11711 Kloppie the Cleaver (level 11, -11/94 HPs)
             Began as a Minotaur Fighter on Jan 24, 2017.
             Was a High Priest of Ru.
             Mangled by Urug
             ... wielding a +2 demon trident of electrocution
              (15 damage)
             ... on level 2 of the Lair of Beasts.
             The game lasted 00:18:16 (9854 turns).

Kloppie the Cleaver (Minotaur Fighter)              Turns: 9854, Time: 00:18:17

Health: -11/94     AC: 17    Str: 21    XL:     11   Next: 52%
Magic:  10/10      EV:  5    Int: 10    God:    Ru [*****.]
Gold:   687        SH: 12    Dex: 13    Spells: 0 memorised, 10 levels left

rFire  . . .     SeeInvis .     a - +2 war axe
rCold  . . .     Gourm    .     e - +0 plate armour
rNeg   . . .     Faith    .     c - +0 shield
rPois  +         Spirit   .     (helmet restricted)
rElec  .         Reflect  .     A - +1 cloak
rCorr  +         Harm     .     m - +1 pair of gloves
MR     .....                    (no boots)
Stlth  ..........               s - amulet of regeneration
                                C - ring of resist corrosion
                                q - +5 ring of intelligence

@: exhausted, horrified, drained
A: retaliatory headbutt, horns 2, poison resistance, no device heal 1, cowardly,
unskilled 1, inexperienced 1
a: Draw Out Power, Power Leap, Apocalypse, Renounce Religion


You were on level 2 of the Lair of Beasts.
You worshipped Ru.
Ru was extremely pleased with you.
You were not hungry.

You visited 3 branches of the dungeon, and saw 13 of its levels.

You collected 808 gold pieces.
You spent 121 gold pieces at shops.

Inventory:

Hand Weapons
 a - a +2 war axe (weapon)
 b - a +2 falchion of flaming
Armour
 c - a +0 shield (worn)
 e - a +0 plate armour (worn)
 m - a +1 pair of gloves (worn)
 A - a +1 cloak (worn)
Jewellery
 q - a +5 ring of intelligence (left hand)
 s - an amulet of regeneration (around neck)
 C - a ring of resist corrosion (right hand)
Wands
 v - a wand of disintegration (6/24)
 x - a wand of digging (14/24)
Scrolls
 j - 8 scrolls of identify
 n - 6 scrolls of teleportation
 o - 4 scrolls of remove curse
 p - 2 scrolls of recharging
 t - 2 scrolls of magic mapping
Potions
 g - a potion of brilliance
 h - a potion of haste
 i - 6 potions of curing
 u - 2 potions of flight
 z - a potion of might
 B - a potion of agility
Comestibles
 d - 7 slices of pizza
 f - 7 bread rations
 k - a beef jerky
 l - 2 royal jellies
 r - 5 meat rations
 w - 23 fruits


   Skills:
 - Level 8.1(7.1) Fighting
 + Level 14.5(13.4) Axes
 + Level 8.0(7.0) Armour
 - Level 11.4(10.3) Shields


You had 10 spell levels left.
You didn't know any spells.

Dungeon Overview and Level Annotations

Branches:
Dungeon (10/15)            Temple (1/1) D:5            Lair (2/6) D:10
    Orc (0/2) D:10
  Swamp: Lair:2-4    Shoals: Lair:2-4     Snake: Lair:2-4    Spider: Lair:2-4

Altars:
Ashenzari
Cheibriados
Dithmenos
Elyvilon
Fedhas
Gozag
Hepliaklqana
Kikubaaqudgha
Makhleb
Nemelex Xobeh
Okawaru
Qazlal
Ru
Sif Muna
Trog
Uskayaw
Vehumet
Xom
Yredelemnul
Zin
The Shining One

Shops:
D:5 *   D:6 =   D:10 =

Annotations:
Lair:2 Urug


Innate Abilities, Weirdness & Mutations

You reflexively headbutt those who attack you in melee.
You have a pair of horns on your head.
Your cowardice makes you less effective in combat with threatening monsters.
You are somewhat unskilled. (-1 Apt)
You are somewhat inexperienced. (-2 XL)
Your system is resistant to poisons. (rPois)
Potions and wands are less effective at restoring your health.


Message History

You feel drained.
Urug hits you with a demon trident of electrocution!!
You closely miss Urug.
Urug is moderately wounded.
You hit Urug but do no damage. You headbutt Urug, but do no damage.
Urug is moderately wounded.
Urug hits you with a demon trident of electrocution!
* * * LOW HITPOINT WARNING * * *
You slash Urug! Your headbutt misses Urug.
Urug is heavily wounded.
Urug hits you with a demon trident of electrocution!
* * * LOW HITPOINT WARNING * * *
You are electrocuted!
* * * LOW HITPOINT WARNING * * *
You hit Urug. Your headbutt misses Urug.
Urug is heavily wounded.
Urug hits you with a demon trident of electrocution!!
* * * LOW HITPOINT WARNING * * *
You are electrocuted!
You die...

. .[.... ##.
. ...#
..##.#..#
>...#..## #
#..#...
#..##....####
#.....o.#...#
#P..@..<(#
...........(#
.......##..##
...##..#...#
.# ...##...#
#... ...#.
..#.##......
...# ...#####


You could see Urug.

Vanquished Creatures
  2 hydras
  The ghost of tschems the Cleaver, a journeyman HuFi of Qazlal (Lair:1)
  The ghost of chimenez the Cruncher, a novice FoFi of Cheibriados (D:10)
  An unseen horror (D:9)
  A hill giant (D:10)
  A black mamba (Lair:1)
  A torpor snail (Lair:1)
  Joseph (D:10)
  A spiny frog (Lair:1)
  The ghost of ADDA the Covert, a novice SpWz (D:6)
  A rime drake (Lair:1)
  A komodo dragon (Lair:1)
  2 trolls
  Grinder (D:4)
  Prince Ribbit (D:7)
  A hippogriff (Lair:1)
  2 dream sheep (D:8)
  A wyvern (D:10)
  6 yaks
  2 wraiths (D:9)
  A hungry ghost (D:7)
  2 basilisks (Lair:1)
  Menkaure (D:7)
  A steam dragon (D:10)
  A warg (D:10)
  Edmund (D:4)
  3 water moccasins (Lair:1)
  6 orc warriors
  4 ice beasts
  2 sky beasts
  A black bear (D:5)
  A necrophage (D:9)
  5 ogres
  3 centaurs
  6 big kobolds
  12 bullfrogs
  4 scorpions
  A wyvern skeleton (D:6)
  7 killer bees
  6 howler monkeys
  A bullfrog zombie (D:7)
  A centaur zombie (D:6)
  6 crimson imps
  A quasit (D:9)
  7 hounds
  A jelly (D:10)
  3 orc priests
  4 human zombies (D:9)
  2 bullfrog skeletons
  13 worker ants
  10 orc wizards
  A hound skeleton (D:4)
  4 mummies (D:9)
  7 gnolls
  17 adders
  A shadow imp (D:6)
  An ooze (D:1)
  An adder zombie (D:7)
  2 adder skeletons
  3 dart slugs
  44 orcs
  5 giant cockroaches
  3 goblins (D:3)
  9 hobgoblins
  5 jackals
  10 quokkas
  A ball python (D:2)
  4 bats
  4 frilled lizards
  18 kobolds
  A leopard gecko skeleton (D:4)
  A leopard gecko zombie (D:6)
  An orc skeleton (D:9)
  A quokka zombie (D:8)
  11 rats
301 creatures vanquished.

Vanquished Creatures (others)
  An orc (D:8)
  A fungus (Lair:1)
2 creatures vanquished.

Grand Total: 303 creatures vanquished

Notes
Turn   | Place    | Note
-------+----------+-------------------------------------------
     0 | D:1      | Kloppie the Minotaur Fighter began the quest for the Orb.
     0 | D:1      | Reached XP level 1. HP: 19/19 MP: 0/0
   145 | D:1      | Reached XP level 2. HP: 25/27 MP: 1/1
   210 | D:1      | Reached skill level 3 in Axes
   555 | D:2      | Reached XP level 3. HP: 33/33 MP: 2/2
   665 | D:2      | Reached skill level 4 in Axes
  1032 | D:2      | Reached XP level 4. HP: 41/41 MP: 3/3
  1174 | D:2      | Found a white marble altar of Elyvilon.
  1218 | D:2      | Found a stormy altar of Qazlal.
  1492 | D:2      | Found an opulent altar of Gozag.
  1781 | D:3      | Reached skill level 5 in Fighting
  1923 | D:3      | Reached skill level 5 in Axes
  1938 | D:3      | Reached XP level 5. HP: 16/48 MP: 4/4
  2686 | D:4      | Reached XP level 6. HP: 53/57 MP: 5/5
  2727 | D:4      | Reached skill level 6 in Axes
  2746 | D:4      | Noticed Edmund
  2776 | D:4      | Killed Edmund
  3059 | D:4      | Noticed Grinder
  3059 | D:4      | Paralysed by Grinder for 5 turns
  3080 | D:4      | Paralysed by Grinder for 2 turns
  3088 | D:4      | Killed Grinder
  3088 | D:4      | Reached skill level 7 in Axes
  3088 | D:4      | Reached XP level 7. HP: 56/66 MP: 6/6
  3417 | D:4      | Found a hazy altar of Hepliaklqana.
  3641 | D:5      | Entered Level 5 of the Dungeon
  3666 | D:5      | Found Jiomukle's General Store.
  3674 | D:5      | Bought a potion of curing for 39 gold pieces
  3690 | D:5      | Found a staircase to the Ecumenical Temple.
  3695 | Temple   | Entered the Ecumenical Temple
  3870 | Temple   | Became a worshipper of Ru the Awakened
  4088 | D:5      | Reached skill level 8 in Axes
  4323 | D:5      | Reached XP level 8. HP: 55/75 MP: 7/7
  4566 | D:6      | Reached skill level 9 in Axes
  4823 | D:6      | Reached skill level 5 in Shields
  4871 | D:6      | Found Nexi's Jewellery Shoppe.
  4879 | D:6      | Bought a cursed ring of teleportation for 54 gold pieces
  5059 | D:6      | Reached skill level 10 in Axes
  5067 | D:6      | Found an ancient bone altar of Kikubaaqudgha.
  5169 | D:6      | Noticed ADDA's ghost (novice SpWz)
  5185 | D:6      | Killed ADDA's ghost
  5185 | D:6      | Reached XP level 9. HP: 76/82 MP: 8/8
  5238 | D:6      | Gained mutation: Your cowardice makes you less effective in combat with threatening monsters. [Ru sacrifice]
  5238 | D:6      | Reached * piety under Ru
  5495 | D:7      | Noticed Menkaure
  5498 | D:7      | Killed Menkaure
  5529 | D:7      | Found a burning altar of Makhleb.
  5536 | D:7      | Noticed Prince Ribbit
  5552 | D:7      | Killed Prince Ribbit
  5622 | D:7      | Reached skill level 11 in Axes
  5661 | D:7      | Found an iron altar of Okawaru.
  5661 | D:7      | Noticed a troll
  5668 | D:7      | Killed a troll
  5806 | D:7      | Gained mutation: Your system is resistant to poisons. (rPois) [potion of mutation]
  5806 | D:7      | Gained mutation: Potions and wands are less effective at restoring your health. [potion of mutation]
  6058 | D:7      | Reached skill level 12 in Axes
  6216 | D:7      | Reached XP level 10. HP: 84/90 MP: 9/9
  6611 | D:8      | Gained mutation: You are somewhat inexperienced. (-2 XL) [Ru sacrifice]
  6611 | D:8      | Reached XP level 9. HP: 82/82 MP: 8/8
  6611 | D:8      | Reached XP level 8. HP: 77/77 MP: 7/7
  6611 | D:8      | Reached ** piety under Ru
  6611 | D:8      | Reached *** piety under Ru
  6678 | D:8      | Reached skill level 10 in Shields
  6918 | D:8      | Noticed a dream sheep
  6919 | D:8      | Noticed a dream sheep
  6953 | D:8      | Killed a dream sheep
  6953 | D:8      | Reached XP level 9. HP: 42/82 MP: 8/8
  6954 | D:8      | Reached skill level 13 in Axes
  7042 | D:8      | Noticed a three-headed hydra
  7060 | D:8      | Killed a one-headed hydra
  7357 | D:9      | Found a blossoming altar of Fedhas.
  7358 | D:9      | Found a sparkling altar of Nemelex Xobeh.
  7375 | D:9      | Found a bloodstained altar of Trog.
  7385 | D:9      | Found a glowing golden altar of the Shining One.
  7385 | D:9      | Found a glowing silver altar of Zin.
  7599 | D:9      | Killed an unseen horror
  7734 | D:9      | Reached XP level 10. HP: 90/90 MP: 9/9
  8016 | D:9      | Found a basalt altar of Yredelemnul.
  8034 | D:9      | Reached skill level 14 in Axes
  8074 | D:10     | Entered Level 10 of the Dungeon
  8148 | D:10     | Found a staircase to the Orcish Mines.
  8206 | D:10     | Noticed a hill giant
  8214 | D:10     | Noticed chimenez's ghost (novice FoFi)
  8230 | D:10     | Killed a hill giant
  8231 | D:10     | Gained mutation: You are somewhat unskilled. (-1 Apt) [Ru sacrifice]
  8231 | D:10     | Reduced skill Axes to level 13
  8231 | D:10     | Reached **** piety under Ru
  8231 | D:10     | Reached ***** piety under Ru
  8273 | D:10     | Killed chimenez's ghost
  8450 | D:10     | Noticed Joseph
  8466 | D:10     | Killed Joseph
  8466 | D:10     | Reached skill level 5 in Armour
  8711 | D:10     | Found a staircase to the Lair.
  8758 | D:10     | Found Weophahi's Jewellery Shop.
  8785 | D:10     | Reached XP level 11. HP: 48/94 MP: 10/10
  8857 | D:10     | Bought a cursed amulet of inaccuracy for 28 gold pieces
  8931 | Lair:1   | Entered Level 1 of the Lair of Beasts
  9042 | Lair:1   | Noticed tschems's ghost (journeyman HuFi)
  9086 | Lair:1   | Killed tschems's ghost
  9086 | Lair:1   | Reached skill level 14 in Axes
  9469 | Lair:1   | Found a snail-covered altar of Cheibriados.
  9532 | Lair:1   | Noticed a seven-headed hydra
  9547 | Lair:1   | Killed a one-headed hydra
  9777 | Lair:2   | Noticed Urug
  9854 | Lair:2   | HP: 4/94 [Urug/demon trident of electrocution (19)]
  9854 | Lair:2   | Mangled by Urug

Skill      XL: |  1  2  3  4  5  6  7  8  9 10 11 |
---------------+----------------------------------+-----
Axes           | 3 4 5 7 8 10 13 13 14 | 14.5
Fighting       | 4 5 7 8 |  8.1
Shields        | 10 11 11 | 11.4
Armour         | 5 8 |  8.0

Action                   |  1- 3 |  4- 6 |  7- 9 | 10-12 || total
-------------------------+-------+-------+-------+-------++-------
Melee: War axe           |    72 |   140 |   432 |   455 ||  1099
       Headbutt          |     9 |    22 |    85 |   102 ||   218
       Falchion          |       |       |     7 |     7 ||    14
Invok: Sacrifice Experie |       |       |     1 |       ||     1
       Sacrifice Courage |       |       |     1 |       ||     1
       Draw Out Power    |       |       |       |     3 ||     3
       Sacrifice Skill   |       |       |       |     1 ||     1
  Use: Potion            |     1 |     8 |     5 |     4 ||    18
       Scroll            |       |       |    13 |     5 ||    18
 Stab: Invisible         |       |       |     1 |     5 ||     6
       Distracted        |       |       |     1 |     6 ||     7
       Petrified         |       |       |       |     3 ||     3
       Petrifying        |       |       |       |     1 ||     1
  Eat: Chunk             |       |     7 |    16 |     4 ||    27
       Meat ration       |       |       |     1 |     1 ||     2
Armor: Scale mail        |    40 |       |       |       ||    40
       Chain mail        |       |    83 |    58 |       ||   141
       Skin              |       |    29 |       |       ||    29
       Plate armour      |       |       |   221 |   120 ||   341
Dodge: Dodged            |    50 |    55 |   107 |    65 ||   277
Block: Shield            |       |       |    64 |   177 ||   241
       Rpst.: Falchion   |       |       |     1 |       ||     1
